 Seeded DCSS version 0.30.1-5-ged363bc7ee (webtiles) character file.

Game seed: 1882581695637917331 (custom seed)

17387 Psyclone the Destroyer (level 12, -1/82 HPs)
             Began as an Octopode Conjurer on Sept 19, 2023.
             Was an Initiate of Gozag.
             Slain by a wolf (9 damage)
             ... on level 2 of the Lair of Beasts.
             The game lasted 01:14:15 (17544 turns).

Psyclone the Destroyer (Octopode Conjurer)         Turns: 17544, Time: 01:14:16

Health: -1/82      AC:  3    Str:  8    XL:     12   Next: 47%
Magic:  26/26      EV: 25    Int: 24    God:    Gozag
Gold:   1218       SH:  0    Dex: 10    Spells: 22/32 levels left

rFire   . . .        a - +6 quick blade (venom)
rCold   . . .        (no shield)
rNeg    . . .        r - +2 hood of the Assassin {Detect Stab+ Stlth++}
rPois   .            t - amulet of magic regeneration
rElec   .            q - +5 ring of evasion
rCorr   .            I - ring of fire
SInv    .            u - ring of ice
Will    .....        U - +5 ring of evasion
Stlth   ++++++       (no ring)
HPRegen 0.33/turn    (no ring)
MPRegen 0.60/turn    (no ring)
                     (no ring)

%: no passive effects
@: gold aura
A: almost no armour, amphibious, 8 rings, camouflage 1, gelatinous body 1,
(nimble swimmer 1), tentacles
a: Renounce Religion, Potion Petition, Call Merchant, Bribe Branch


You were on level 2 of the Lair of Beasts.
You worshipped Gozag.
Gozag was most pleased with you.
You visited 3 branches of the dungeon, and saw 15 of its levels.
You also visited: Sewer and Bailey.

You collected 3794 gold pieces.
You spent 726 gold pieces at shops.
You paid 1850 gold pieces to Gozag.

Inventory:

Hand Weapons
 a - a +6 quick blade of venom (weapon)
 i - a +0 dagger of speed
 x - a +2 vampiric short sword
 D - a +2 dagger of venom
 K - a +0 short sword
Missiles
 c - 12 throwing nets {!f}
 E - 44 poisoned darts
 F - 3 curare-tipped darts
Armour
 n - a +0 buckler
 r - the +2 hood of the Assassin (worn) {Detect Stab+ Stlth++}
   (You acquired it on level 3 of the Dungeon)

   Detect:    It allows the wearer to sense nearby creatures.
   Stab+:     It allows the wearer to make particularly effective stabbing
   attacks against helpless or unaware enemies with any weapon.
   Stlth:     It makes you much more stealthy.
Magical Staves
 T - a staff of poison
Jewellery
 q - a +5 ring of evasion (left tentacle)
 t - an amulet of magic regeneration (around mantle)
 u - a ring of ice (on tentacle)
 I - a ring of fire (right tentacle)
 U - a +5 ring of evasion (on tentacle)
Wands
 h - a wand of iceblast (12)
 H - a wand of polymorph (7)
 L - a wand of charming (13)
 P - a wand of flame (4)
Scrolls
 d - 6 scrolls of amnesia {unknown}
 f - 4 scrolls of poison {unknown}
 g - a scroll of silence {unknown}
 j - 7 scrolls of magic mapping {unknown}
 m - 3 scrolls of blinking {unknown}
 y - 3 scrolls of noise
 z - 5 scrolls of immolation
 A - 2 scrolls of vulnerability
 B - 6 scrolls of teleportation
 C - a scroll of torment
 G - 3 scrolls of fear
 M - 2 scrolls of fog
 O - 2 scrolls of butterflies
 W - a scroll of enchant armour
Potions
 b - 5 potions of ambrosia {unknown}
 e - a potion of magic
 k - 2 potions of cancellation {unknown}
 l - 6 potions of degeneration {unknown}
 o - 2 potions of invisibility {unknown}
 p - 3 potions of haste
 s - a potion of might
 v - 4 potions of curing
 w - a potion of flight
 N - a potion of lignification
 Q - a potion of berserk rage
 R - a potion of brilliance
 S - a potion of resistance
Miscellaneous
 J - a piece from Xom's chessboard (15/15)


   Skills:
 - Level 8.0 Fighting
 + Level 3.1 Short Blades
 - Level 8.0 Dodging
 - Level 8.0 Stealth
 - Level 4.0 Shields
 + Level 10.7 Spellcasting
 + Level 11.2 Conjurations
 - Level 4.0 Hexes


You had 22 spell levels left.
You knew the following spells:

 Your Spells              Type           Power      Damage    Failure   Level
a - Magic Dart            Conj           100%       1d8       1%          1
b - Searing Ray           Conj           100%       2d8       1%          2
d - Fulminant Prism       Conj/Hex       24%        3d12      2%          4
e - Tukima's Dance        Hex            32%        N/A       2%          3

Your spell library contained the following spells:

 Spells                   Type           Power      Damage    Failure   Level
 Dazzling Flash           Conj/Hex       98%        N/A       1%          3
 Iskenderun's Mystic Bla  Conj/Tloc      39%        2d9       4%          4
 Sticky Flame             Conj/Fire      56%        2d7       4%          4
 Blink                    Tloc           24%        N/A       8%          2
 Ignite Poison            Fire/Tmut/Pois 19%        N/A       14%         3
 Manifold Assault         Tloc           12%        N/A       43%         4
 Passage of Golubria      Tloc           12%        N/A       43%         4
 Yara's Violent Unravell  Hex/Tmut       11%        3d6       52%         5
 Storm Form               Tmut/Air       6%         N/A       100%        7
 Ignition                 Fire           9%         3d5       100%        8


Dungeon Overview and Level Annotations

Branches:
Dungeon (12/15) Zot: 26026  Temple (1/1) D:7 Zot: 5792    Lair (2/5) D:10 Zot: 10637
 Spider (0/4) Lair:2          Orc (0/2) D:11          Sewer (visited)
 Bailey (visited)
  Swamp: Lair:2-3    Shoals: Lair:2-3

Altars:
Ashenzari
Cheibriados
Dithmenos
Elyvilon
Fedhas
Gozag
Hepliaklqana
Kikubaaqudgha
Makhleb
Nemelex Xobeh
Okawaru
Qazlal
Ru
Sif Muna
Trog
Uskayaw
Vehumet
Wu Jian
Xom
Yredelemnul
Zin
The Shining One

Shops:
D:11 :*

Portals:
Trove: D:11 (show abyssal rune of Zot)

Annotations:
D:12 Josephine


Innate Abilities, Weirdness & Mutations

You cannot wear most types of armour.
You are amphibious.
You can wear up to eight rings at the same time.
Your skin changes colour to match your surroundings (Stealth+).
Your rubbery body absorbs attacks. (AC +1, EV +1)
((You are camouflaged when in or above water. (Stealth+)))
You have tentacles for arms and can constrict up to eight enemies at once.


Message History

You constrict the water moccasin, but do no damage.
The water moccasin closely misses you.
You puncture the water moccasin!
The water moccasin is moderately wounded.
You constrict the water moccasin. The wolf misses you.
You hit the water moccasin. You squeeze the water moccasin!
The water moccasin is severely wounded.
You constrict the water moccasin, but do no damage.
The water moccasin completely misses you.
The wolf completely misses you.
A wolf comes into view.
The wolf howls!
You hit the water moccasin. You squeeze the water moccasin.
You kill the water moccasin!
The wolf misses you.
A wolf comes into view.
The wolf barely misses you.
A water moccasin comes into view.
You see here 3 gold pieces.
You barely miss the wolf. Your grab misses the wolf.
Your squeeze misses the wolf. The wolf bites you!
* * * LOW HITPOINT WARNING * * *
You take 10 damage, and have 12/82 hp.
You hit the wolf.
The wolf is poisoned.
You grab the wolf.
The wolf is moderately wounded.
You constrict the wolf, but do no damage.
The wolf closely misses you.
A wolf comes into view.
You hit the wolf but do no damage.
The wolf looks as sick as possible!
The wolf is moderately wounded.
You constrict the wolf, but do no damage.
The wolf closely misses you.
You hit the wolf.
The wolf looks as sick as possible!
You squeeze the wolf.
You kill the wolf!
The wolf barely misses you. The wolf closely misses you. The wolf bites you.
* * * LOW HITPOINT WARNING * * *
The wolf bites you!
You die...
Your body crumbles into a pile of gold.

##.... ### #. ..#.
#.....## #.###.......
#....# ###.....#...#.
#...###......#......
#....#....#...#.....
#.#....$###.$.....>. #
##..$.$.#.$.# ...
##.....$...###.....
####.#.@$...........#
#P.....hh#....#...#.#
###.....................
.......<..S.............
.........h..............
........................
........................
.........[..........|...
...[.............


You could see a water moccasin and 3 wolves.

Vanquished Creatures
  A boulder beetle (D:12)
  A death yak (Lair:1)
  A two-headed ogre (D:9)
  A pharaoh ant (Lair:2)
  2 ugly things (D:12)
  A cyclops (D:12)
  A manticore (D:12)
  A gargoyle (D:10)
  A torpor snail (Lair:1)
  Maggie (D:7)
  Psyche (D:9)
  2 cane toads (Lair:1)
  2 kobold demonologists (D:7)
  A komodo dragon (Lair:2)
  4 trolls
  2 tarantellas (Lair:2)
  A jumping spider (Lair:2)
  A shadow (D:10)
  A wraith (D:12)
  A wyvern (D:8)
  7 yaks (D:10)
  A basilisk (Lair:1)
  2 steam dragons
  Menkaure (D:5)
  Edmund (D:5)
  8 water moccasins
  4 orc warriors
  A sky beast (D:6)
  3 black bears
  An ice beast (D:7)
  11 wolves
  4 ogres
  4 centaurs
  A phantom (D:4)
  11 kobold brigands
  7 gnoll sergeants
  3 scorpions (D:5)
  6 bullfrogs
  18 wights
  A howler monkey (D:9)
  5 hounds
  6 gnoll boudas (Bailey)
  3 jellies (D:6)
  7 orc priests
  Ijyb (D:3)
  A sleepcap (D:6)
  4 iguanas
  Terence (D:3)
  11 orc wizards
  13 adders
  18 gnolls
  3 river rats
  2 shadow imps
  3 white imps
  4 worms
  3 dart slugs
  32 orcs
  4 bats
  9 endoplasms
  2 giant cockroaches
  10 goblins
  11 hobgoblins
  2 jackals (D:3)
  16 kobolds
  4 quokkas
  5 ball pythons
  2 frilled lizards (D:2)
  9 rats
  2 fulminant prisms (D:7)
315 creatures vanquished.

Vanquished Creatures (others)
  A tengu warrior (D:10)
  A quokka (D:8)
  90 fulminant prisms
92 creatures vanquished.

Grand Total: 407 creatures vanquished

Notes
Turn   | Place    | Note
-------+----------+-------------------------------------------
     0 | D:1      | Psyclone the Octopode Conjurer began the quest for the Orb.
     0 | D:1      | Reached XP level 1. HP: 11/11 MP: 3/3
   455 | D:1      | Reached XP level 2. HP: 17/17 MP: 1/5
  1088 | D:2      | Reached XP level 3. HP: 21/21 MP: 1/7
  1231 | D:2      | Learned a level 2 spell: Searing Ray
  2356 | D:3      | Reached XP level 4. HP: 27/27 MP: 5/8
  2394 | D:3      | Noticed Ijyb
  2414 | D:3      | Killed Ijyb
  2415 | D:3      | Reached skill level 5 in Conjurations
  2644 | D:3      | Found an ornate altar of the Wu Jian Council.
  2728 | D:3      | Noticed Terence
  2752 | D:3      | Killed Terence
  2753 | D:3      | Reached XP level 5. HP: 6/31 MP: 0/10
  3253 | D:3      | Identified a scroll of acquirement
  3254 | D:3      | Acquired the +2 hood of the Assassin {Detect Stab+ Stlth++}
  3254 | D:3      | Found the +2 hood of the Assassin {Detect Stab+ Stlth++}
  3272 | D:3      | Reached skill level 7 in Conjurations
  3272 | D:3      | Reached XP level 6. HP: 49/49 MP: 10/16
  3278 | D:3      | Learned a level 4 spell: Fulminant Prism
  3575 | D:4      | Found a snail-covered altar of Cheibriados.
  3604 | D:4      | Reached XP level 7. HP: 54/54 MP: 11/18
  3922 | D:4      | Found an iron altar of Okawaru.
  4381 | D:5      | Entered Level 5 of the Dungeon
  4381 | D:5      | Noticed Menkaure
  4443 | D:5      | Killed Menkaure
  4807 | D:5      | Reached skill level 8 in Conjurations
  4807 | D:5      | Reached XP level 8. HP: 61/61 MP: 13/20
  5028 | D:5      | Identified the +1 robe "Cige Wuagaj" {rCorr MP-9 Archmagi}
  5185 | D:5      | Noticed Edmund
  5204 | D:5      | Killed Edmund
  5748 | D:6      | Reached skill level 5 in Dodging
  5846 | D:6      | Reached XP level 9. HP: 45/66 MP: 5/21
  6012 | D:6      | Found a glowing drain.
  6013 | D:6      | Found a burning altar of Makhleb.
  6032 | D:6      | Reached skill level 5 in Stealth
  6060 | Sewer    | Entered a sewer
  7679 | D:6      | Learned a level 3 spell: Tukima's Dance
  7773 | D:7      | Found a flagged portal.
  7781 | D:7      | Reached skill level 1 in Hexes
  7817 | Bailey   | Entered a bailey
  8276 | Bailey   | Reached XP level 10. HP: 34/72 MP: 15/22
  9351 | D:7      | Noticed a kobold demonologist
  9402 | D:7      | Noticed a soul eater
  9419 | D:7      | Killed a kobold demonologist
  9554 | D:7      | Noticed a kobold demonologist
  9560 | D:7      | Killed a kobold demonologist
  9697 | D:7      | Found a shadowy altar of Dithmenos.
  9790 | D:7      | Found a staircase to the Ecumenical Temple.
  9796 | Temple   | Entered the Ecumenical Temple
  9804 | Temple   | Became a worshipper of Gozag Ym Sagoz the Greedy
 10264 | D:7      | Noticed Maggie
 10286 | D:7      | Killed Maggie
 11020 | D:8      | Found a white marble altar of Elyvilon.
 11079 | D:8      | Reached XP level 11. HP: 58/77 MP: 14/23
 11717 | D:9      | Noticed a two-headed ogre
 11730 | D:9      | Killed a two-headed ogre
 11731 | D:9      | Reached skill level 9 in Conjurations
 11803 | D:9      | Found a sacrificial altar of Ru.
 12271 | D:9      | Noticed Psyche
 12279 | D:9      | Killed Psyche
 12389 | D:9      | Found a stormy altar of Qazlal.
 12926 | D:10     | Entered Level 10 of the Dungeon
 13077 | D:10     | Reached skill level 1 in Shields
 13247 | D:10     | Found a staircase to the Lair.
 13378 | D:10     | Noticed a cyclops
 13378 | D:10     | Noticed a boulder beetle
 13378 | D:10     | Noticed a deep elf pyromancer
 13378 | D:10     | Noticed a boulder beetle
 13399 | D:10     | Noticed a manticore
 13399 | D:10     | Noticed a boulder beetle
 13399 | D:10     | Noticed a tengu warrior
 13409 | D:10     | Noticed a manticore
 13979 | D:10     | Killed a tengu warrior
 14300 | D:11     | Found a portal to a secret trove of treasure.
 14668 | D:11     | Reached skill level 10 in Conjurations
 14670 | D:11     | Found a staircase to the Orcish Mines.
 15220 | D:12     | Noticed Josephine
 15281 | D:12     | Noticed a cyclops
 15290 | D:12     | Killed a cyclops
 15294 | D:12     | Noticed a purple ugly thing
 15295 | D:12     | Noticed a white ugly thing
 15302 | D:12     | Noticed a boulder beetle
 15302 | D:12     | Noticed a manticore
 15313 | D:12     | Killed a white ugly thing
 15314 | D:12     | Reached skill level 10 in Spellcasting
 15326 | D:12     | Killed a white ugly thing
 15327 | D:12     | Reached XP level 12. HP: 37/82 MP: 5/26
 15336 | D:12     | HP: 5/123 [boulder beetle (17)]
 15342 | D:12     | HP: 5/123 [manticore (6)]
 15351 | D:12     | HP: 3/184 [boulder beetle (13)]
 15354 | D:12     | Killed a boulder beetle
 16051 | D:12     | Acquired 1282 gold pieces
 16087 | D:11     | Bought an Everburning Encyclopedia for 612 gold pieces
 16093 | D:11     | Bought a scroll labelled ERICHA GAVAUTO for 30 gold pieces
 16093 | D:11     | Bought a scroll labelled ERICHA GAVAUTO for 30 gold pieces
 16093 | D:11     | Bought a dark potion for 27 gold pieces
 16093 | D:11     | Bought a lumpy cyan potion for 27 gold pieces
 16174 | Lair:1   | Entered Level 1 of the Lair of Beasts
 16267 | Lair:1   | Identified the +0 chain mail of the Great Game {Will+}
 16665 | Lair:1   | Reached skill level 1 in Short Blades
 16895 | Lair:1   | Noticed a death yak
 16915 | Lair:1   | HP: 4/82 [death yak[a torpor snail] (10)]
 16915 | Lair:1   | Killed a death yak
 16916 | Lair:1   | Reached skill level 11 in Conjurations
 17461 | Lair:2   | Found a hole to the Spider Nest.
 17544 | Lair:2   | Slain by a wolf

Illustrated notes

Levels and vault maps discovered:
D:1:      dpeg_arrival_erosion, layout_basic
D:2:      layout_basic, minmay_tripent
D:3:      layout_loops_ring, nicolae_wu_jian_wuxing_cycle, serial_bayou_pond_d,
          uniq_ijyb, uniq_terence
D:4:      layout_basic, lemuel_round_altar, kennysheep_slug_shrine,
          minmay_misc_feat_hallway, nicolae_kite_square_tiling_tiny
D:5:      layout_loops_corners, uniq_menkaure, uniq_edmund
D:6:      layout_loops_ring, kennysheep_mini, portal_sewer_entry_c,
          hangedman_decor_lopped, serial_bayou_crossing
D:7:      layout_loops_ring, old_standard_altar, temple_green, enter_bailey_3,
          serial_park_tiny_2, uniq_maggie
D:8:      layout_gridville, elyvilon_altar_4
D:9:      layout_basic, mainiacjoe_overflow_24_doors,
          mainiacjoe_overflow_catwalk, chequers_serial_rivers_small_a,
          uniq_psyche
D:10:     layout_grid_maze, due_lair_maze_entry_diamond, minivault_12
D:11:     layout_roguey, orc_0_dummy, enter_trove_3
D:12:     layout_basic, uniq_josephine
Temple:   eino_narrow_crystal_temple
Lair:1:   layout_long_grid, grunt_megastairs_3
Lair:2:   layout_hall_layers, swamp_mist, nicolae_spider_entry_lesser_pyramids,
          worms_lemuel

Skill      XL: |  1  2  3  4  5  6  7  8  9 10 11 12 |
---------------+-------------------------------------+-----
Spellcasting   | 3 7 8 10 | 10.7
Conjurations   | 5 7 8 10 11 | 11.2
Fighting       | 7 8 |  8.0
Dodging        | 3 5 6 8 |  8.0
Stealth        | 4 6 8 |  8.0
Hexes          | 2 4 |  4.0
Shields        | 4 |  4.0
Short Blades   | 3 |  3.1

Action                     |  1- 3 |  4- 6 |  7- 9 | 10-12 || total
---------------------------+-------+-------+-------+-------++-------
  Melee: Short sword       |     4 |       |    30 |       ||    34
         Dagger            |     1 |    48 |    58 |    15 ||   122
         Tentacles         |       |     8 |    10 |    38 ||    56
         Constrict         |       |    13 |    20 |    32 ||    65
         Punch             |       |       |     3 |     2 ||     5
         Quick blade       |       |       |       |   163 ||   163
   Cast: Magic Dart        |    65 |    43 |    75 |    78 ||   261
         Searing Ray       |       |     4 |    56 |    58 ||   118
         Fulminant Prism   |       |       |     3 |    89 ||    92
 Invoke: Call Merchant     |       |       |       |     2 ||     2
    Use: Potion            |       |     2 |     1 |     7 ||    10
         Scroll            |       |     5 |     5 |    19 ||    29
   Stab: Sleeping          |     2 |     2 |    28 |    10 ||    42
 Armour: Skin              |       |     5 |    21 |    33 ||    59
  Dodge: Dodged            |     5 |    20 |   109 |   219 ||   353
